Map: Discord IV

Players

Superstar - Winner!

  • Race: Terran Terran
  • Spawn Location: 9:00

OjO - Winner!

  • Race: Protoss Protoss
  • League: Platinum
  • Spawn Location: 11:00

CvShadows

  • Race: Protoss Protoss
  • Spawn Location: 5:00

Gracz

  • Race: Terran Terran
  • Spawn Location: 5:00

VOD

Have the link to the VOD?

Description

Time

  • Played on: March 5, 2016, 5:34 p.m.
  • Length: 11:37
Show
View Real Time Build Order
Export as new Build Order

Superstar Terran - Winner!

Build Orders: MMM Bio 

Get SALT Encoding   

  12  0:01  SCV  
  13  0:13  SCV  
  14  0:23  Supply Depot  
  14  0:26  SCV  
  15  0:33  Refinery  
  15  0:44  SCV  
  16  0:52  Barracks  
  16  0:55  Refinery  
  16  0:56  SCV  
  17  1:08  SCV  
  18  1:20  SCV  
  19  1:33  SCV  
  19  1:39  Reaper  
  21  1:41  Supply Depot  
  21  1:45  Orbital Command  
  21  2:02  Engineering Bay  
  21  2:12  SCV  
  21  2:15  Marine  
  23  2:18  Command Center  
  23  2:49  SCV  
  24  2:53  Factory, Barracks  
  24  2:55  Barracks  
  23  3:00  Marine  
  23  3:01  SCV  
  25  3:11  Refinery  
  25  3:13  SCV  
  25  3:18  Marine  
  27  3:20  Supply Depot  
  27  3:25  SCV  
  28  3:32  Orbital Command  
  28  3:38  Bunker  
  28  3:39  Marine  
  29  3:44  Marine  
  29  3:47  Barracks Reactor, Supply Depot  
  30  3:52  SCV  
  31  3:56  Marine  
  31  4:01  Starport  
  31  4:02  Marine  
  33  4:06  Orbital Command  
  33  4:10  SCV  
  34  4:28  Barracks Tech Lab  
  34  4:29  Liberator, Marine x2  
  36  4:36  Barracks Tech Lab, Supply Depot  
  36  4:37  SCV x2  
  38  4:47  Marine x2  
  38  4:49  SCV x2  
  45  4:55  Marauder  
  45  4:56  Stimpack  
  47  5:05  Combat Shields  
  47  5:06  Marine x2  
  49  5:11  SCV x2  
  51  5:16  Engineering Bay  
  51  5:21  Engineering Bay  
  51  5:26  Marine  
  51  5:27  Marine x2, Marauder  
  56  5:29  SCV x2  
  58  5:40  Engineering Bay  
  58  5:43  Terran Infantry Weapons Level 1  
  58  5:46  Armory, SCV x2  
  58  5:48  Refinery  
  58  5:49  Marine x2  
  62  5:52  Refinery  
  62  5:55  Factory Reactor  
  62  5:56  Medivac  
  64  6:00  SCV  
  64  6:01  SCV  
  64  6:04  Supply Depot  
  66  6:06  Supply Depot  
  66  6:07  Marine x2  
  68  6:14  Missile Turret  
  68  6:18  SCV x2  
  74  6:25  Marauder x2  
  71  6:38  Terran Infantry Armor Level 1  
  75  6:47  Medivac, Marauder x2  
  75  6:52  SCV x2  
  79  7:05  SCV  
  80  7:10  Medivac  
  80  7:13  SCV  
  83  7:18  SCV  
  83  7:20  Missile Turret  
  83  7:21  Medivac  
  86  7:25  Command Center  
  86  7:32  Supply Depot  
  86  7:37  Liberator  
  86  7:41  Supply Depot x2  
  86  7:54  SCV x2  
  91  8:04  Supply Depot  
  91  8:05  Supply Depot  
  82  8:14  Marine x2  
  82  8:15  Marauder x2  
  88  8:22  Liberator  
  88  8:23  Liberator, Barracks  
  88  8:25  Barracks x2  
  88  8:27  Barracks  
  88  8:32  Marine  
  89  8:35  Marine  
  89  8:36  Marine x2  
  98  8:50  Orbital Command  
  98  8:53  Refinery  
  98  9:05  Liberator, Marine x2, Marauder  
  98  9:06  Liberator, Marine  
  103  9:19  Barracks Tech Lab x2, Barracks Reactor x2  
  109  9:25  Supply Depot  
  109  9:26  Supply Depot  
  109  9:28  Terran Vehicle And Ship Armor Level 1, Supply Depot  
  109  9:30  Marine x2, Marauder x2  
  115  9:47  Marine  
  115  9:48  Liberator  
  115  9:49  Liberator  
  115  9:52  Marine x2, Marauder x2  
  124  9:53  Marauder  
  124  10:05  Marine  
  131  10:09  SCV x2  
  131  10:10  Marine, Marauder  
  136  10:16  Refinery  
  124  11:06  Marine x3  
  124  11:07  Marine x2, Marauder x4  
Show
View Real Time Build Order
Export as new Build Order

OjO Protoss - Winner!

Build Orders:  

Get SALT Encoding   

  12  0:02  Probe (Chrono Boost)  
  13  0:12  Probe (Chrono Boost)  
  14  0:25  Pylon  
  14  0:29  Probe (Chrono Boost)  
  15  0:43  Gateway  
  15  0:46  Assimilator, Probe (Chrono Boost)  
  16  0:52  Assimilator  
  16  0:58  Probe (Chrono Boost)  
  17  1:12  Probe (Chrono Boost)  
  18  1:26  Probe (Chrono Boost)  
  19  1:42  Cybernetics Core  
  19  2:06  Nexus  
  19  2:13  Assimilator  
  21  2:23  Mothership Core (Chrono Boost)  
  21  2:26  Pylon  
  21  2:28  Pylon  
  21  2:43  Probe (Chrono Boost)  
  22  2:48  Warp Gate (Chrono Boost)  
  22  2:54  Probe  
  23  3:11  Probe  
  24  3:15  Pylon  
  24  3:20  Gateway  
  24  3:23  Gateway  
  24  3:26  Gateway  
  24  3:35  Probe  
  24  3:37  Probe  
  26  3:45  Probe  
  27  3:49  Probe  
  28  3:56  Probe  
  28  3:57  Twilight Council  
  29  4:06  Probe  
  29  4:07  Probe  
  31  4:18  Probe  
  31  4:20  Assimilator  
  31  4:22  Assimilator  
  32  4:38  Pylon  
  32  4:41  Probe (Chrono Boost)  
  32  4:42  Forge  
  32  4:43  Stalker  
  35  4:53  Probe (Chrono Boost)  
  35  4:59  Probe (Chrono Boost)  
  37  5:08  Blink  
  37  5:09  Probe (Chrono Boost)  
  37  5:10  Probe (Chrono Boost)  
  37  5:13  Templar Archives  
  39  5:19  Photon Cannon  
  39  5:26  Probe x2 (Chrono Boost)  
  41  5:31  Photon Cannon  
  41  5:37  Probe (Chrono Boost)  
  41  5:38  Stalker  
  44  5:48  Psionic Storm  
  44  5:49  Pylon  
  44  6:02  High Templar x3  
  44  6:03  High Templar  
  52  6:12  Probe (Chrono Boost)  
  52  6:13  Probe (Chrono Boost)  
  52  6:18  Protoss Ground Armor Level 1  
  54  6:23  Probe (Chrono Boost)  
  56  6:26  Probe (Chrono Boost)  
  56  6:33  Probe (Chrono Boost)  
  56  6:38  Stalker x4  
  65  6:40  Probe (Chrono Boost)  
  65  6:44  Probe (Chrono Boost)  
  67  7:30  Nexus  
  67  7:32  Pylon  
  63  8:17  High Templar x4  
  63  8:18  Assimilator  
  71  8:21  Gateway  
  71  8:24  Gateway  
  71  8:27  Pylon  
  71  8:30  Pylon  
  71  8:32  Assimilator  
  71  8:34  Gateway  
  71  8:35  Protoss Ground Armor Level 2  
  71  8:59  Probe x3 (Chrono Boost)  
  74  9:05  Pylon  
  74  9:10  Pylon  
  74  9:13  High Templar x4  
  82  9:36  Stalker  
  82  9:37  Stalker  
  86  10:10  Stalker  
  86  10:11  Stalker x5  
  98  10:21  Forge  
  98  10:53  Nexus  
  98  11:05  Stalker x4  
  98  11:06  Stalker x2  
Show
View Real Time Build Order
Export as new Build Order

CvShadows Protoss 

Build Orders:  

Get SALT Encoding   

  12  0:08  Pylon  
  12  0:28  Gateway  
  12  0:29  Assimilator  
  12  0:57  Pylon, Probe (Chrono Boost)  
  13  1:08  Probe (Chrono Boost)  
  14  1:26  Cybernetics Core  
  14  1:32  Gateway  
  14  1:33  Probe (Chrono Boost)  
  15  1:44  Probe (Chrono Boost)  
  16  1:47  Zealot  
  18  1:55  Probe (Chrono Boost)  
  19  2:10  Warp Gate (Chrono Boost)  
  19  2:21  Adept  
  21  2:23  Adept  
  23  2:45  Probe  
  23  2:48  Adept  
  26  2:57  Adept, Probe  
  29  3:09  Probe  
  30  3:22  Probe  
  30  3:25  Assimilator  
  31  3:30  Pylon  
  31  3:34  Probe  
  31  3:48  Pylon, Probe  
  36  4:00  Probe  
  33  4:11  Gateway  
  33  4:19  Twilight Council  
  33  4:21  Stalker  
  33  4:22  Pylon, Stalker  
  37  4:27  Mothership Core  
  39  4:53  Pylon  
  39  4:58  Resonating Glaives  
  39  5:02  Adept x2  
  43  5:41  Stalker x2  
  43  5:42  Stalker  
  49  5:50  Pylon  
  49  6:09  Adept x3  
  49  6:10  Pylon  
  51  6:21  Probe  
  43  6:33  Probe  
  44  6:40  Forge  
  44  6:45  Probe  
  45  6:57  Probe (Chrono Boost)  
  47  7:08  Probe (Chrono Boost)  
  47  7:16  Photon Cannon  
  47  7:19  Probe (Chrono Boost)  
  47  7:21  Photon Cannon  
  48  7:26  Photon Cannon  
  48  7:29  Probe (Chrono Boost)  
  49  7:57  Stalker  
  51  8:00  Nexus  
  51  8:02  Pylon  
  45  8:17  Photon Cannon  
  45  8:21  Stalker  
  47  8:27  Probe (Chrono Boost)  
  48  8:38  Probe (Chrono Boost)  
  48  8:42  Photon Cannon  
  48  9:02  Adept x2  
  52  9:03  Adept  
  54  9:19  Stargate  
  54  9:21  Probe (Chrono Boost)  
  55  9:32  Probe (Chrono Boost)  
  55  9:35  Stalker  
  55  9:38  Adept  
  56  9:59  Stalker x2  
  60  10:00  Stalker  
  62  10:24  Adept x2  
  62  10:25  Adept  
  68  10:32  Probe (Chrono Boost)  
  69  10:42  Probe (Chrono Boost)  
  56  10:53  Probe (Chrono Boost)  
Show
View Real Time Build Order
Export as new Build Order

Gracz Terran 

Build Orders:  

Get SALT Encoding   

  12  0:02  SCV  
  13  0:14  SCV  
  14  0:26  SCV  
  15  0:32  Supply Depot  
  15  0:43  Engineering Bay  
  15  0:47  Refinery  
  15  0:53  SCV  
  16  1:05  SCV  
  17  1:18  SCV  
  18  2:09  Barracks  
  18  2:19  SCV  
  19  2:32  SCV  
  20  3:11  Bunker  
  20  3:18  Sensor Tower  
  20  3:19  Barracks Reactor  
  20  3:23  SCV  
  21  3:27  Refinery  
  21  3:35  SCV  
  21  3:38  Barracks  
  22  3:48  Missile Turret  
  22  3:55  Marine  
  23  4:02  Supply Depot  
  23  4:04  Orbital Command  
  23  4:17  Barracks  
  23  4:23  Marine x2  
  25  4:36  Barracks  
  25  4:40  Supply Depot  
  25  4:41  Marine  
  26  4:48  Terran Infantry Weapons Level 1  
  26  4:53  Engineering Bay  
  26  5:10  Reaper x2  
  28  5:17  Barracks Reactor x2  
  28  5:25  Terran Infantry Armor Level 1  
  28  5:48  Factory  
  28  5:54  Factory  
  28  5:59  Barracks Reactor  
  28  6:00  Factory  
  28  6:03  Marine  
  28  6:04  Marine  
  30  6:37  Marine x2  
  30  6:38  Marine  
  30  6:39  Marine x4  
  36  6:40  Marine  
  36  6:41  Neosteel Frame  
  38  6:55  Marine  
  38  7:00  Command Center  
  39  7:01  Factory Tech Lab  
  39  7:02  Factory Tech Lab x2  
  39  7:21  Supply Depot x2  
  39  7:27  Building Armor  
  39  7:29  Supply Depot  
  39  7:30  Marine  
  39  7:32  Marine  
  39  7:35  Marine  
  39  7:51  Marine  
  33  8:00  Hi-Sec Auto Tracking  
  29  8:10  Siege Tank  
  32  8:17  Marine  
  32  8:18  Marine  
  34  8:22  Marine x6  
  40  8:33  SCV  
  41  8:35  Marine x2  
  41  8:39  Marine x2  
  41  8:40  Marine x4  
  49  8:46  Supply Depot  
  49  8:53  Marine x2  
  51  8:55  Supply Depot  
  51  8:57  Marine x3  
  54  9:08  Supply Depot  
  54  9:19  Supply Depot  
  54  9:23  Supply Depot  
  54  9:36  Bunker  
  54  9:45  Orbital Command  
  53  9:59  Marine x6  
  57  10:00  Marine x2  
  61  10:17  Marine x6  
  65  10:42  Marine x4  
  37  10:43  Marine x4  
  43  11:00  Marine x5  
  43  11:01  Marine x3  
  43  11:03  Starport  
  51  11:18  Marine x7  
  52  11:19  Marine  
Tags
 
Add a new tag
Caveats
  • Supply blocks, unpowered buildings, or Contaminate may cause inaccurate times.
  • Supply counts are checked every 10 seconds.